 Dungeon Crawl Stone Soup version 0.26-a0-317-ge2f3d4a7ca (webtiles) character file.

Game seed: 3600016858514362857

4024 MrRokkomies the Covert (level 10, -16/44 HPs)
             Began as a Spriggan Venom Mage on July 16, 2020.
             Was a Believer of Sif Muna.
             Shot with a bolt by a yaktaur captain (39 damage)
             ... on level 8 of the Dungeon.
             The game lasted 00:30:51 (8938 turns).

MrRokkomies the Covert (Spriggan Venom Mage)        Turns: 8938, Time: 00:30:52

Health: -16/44     AC:  4    Str:  7    XL:     10   Next: 4%
Magic:  15/15      EV: 27    Int: 16    God:    Sif Muna [**....]
Gold:   455        SH:  0    Dex: 24    Spells: 1/14 levels left

rFire    . . .     SeeInvis +   a - +1 dagger (venom)
rCold    + . .     Faith    .   (shield restricted)
rNeg     + . .     Spirit   .   v - +1 robe {rN+}
rPois    .         Reflect  .   (helmet restricted)
rElec    .         Harm     .   p - +0 cloak
rCorr    .                      (gloves unavailable)
MR       +....                  (boots unavailable)
Stlth    +++++.....             j - amulet of regeneration
HPRegen  0.54/turn              y - +6 ring of dexterity
MPRegen  0.14/turn              w - ring of protection from cold

@: lethally poisoned (-16 -> -16), very quick
A: very small, unfitting armour, see invisible, speed 3
a: Channel Magic, Renounce Religion


You were on level 8 of the Dungeon.
You worshipped Sif Muna.
Sif Muna was pleased with you.
You visited 2 branches of the dungeon, and saw 9 of its levels.

You collected 455 gold pieces.

Inventory:

Hand Weapons
 a - a +1 dagger of venom (weapon)
 b - a +0 dagger of electrocution
Missiles
 f - 13 boomerangs (quivered)
 l - 6 atropa-tipped darts
 s - 10 poisoned darts
Armour
 p - a +0 cloak (worn)
 v - a +1 robe of positive energy (worn)
Jewellery
 j - an amulet of regeneration (around neck)
 w - a ring of protection from cold (right hand)
 y - a +6 ring of dexterity (left hand)
Wands
 o - a wand of flame (29)
 z - a wand of polymorph (8)
 A - a wand of paralysis (8)
Scrolls
 c - 6 scrolls of teleportation
 d - 6 scrolls of remove curse
 q - 4 scrolls of amnesia
Potions
 e - 4 potions of brilliance
 g - 3 potions of heal wounds
 h - 2 potions of flight
 i - a potion of magic {unknown}
 k - a potion of haste
 m - 4 potions of curing
 n - a potion of ambrosia {unknown}
 r - 2 potions of resistance {unknown}
 t - a potion of might
 u - 3 potions of lignification {unknown}
 x - a potion of berserk rage {unknown}


   Skills:
 * Level 0.3 Fighting
 * Level 4.3 Short Blades
 - Level 9.0 Dodging
 + Level 9.5 Stealth
 - Level 2.6 Spellcasting
 - Level 6.0 Transmutations
 - Level 5.0 Air Magic
 - Level 9.0 Poison Magic
 + Level 0.1 Invocations


You had one spell level left.
You knew the following spells:

 Your Spells              Type           Power        Failure   Level
a - Sting                 Tmut/Pois      ####         1%          1
b - Poisonous Vapours     Pois/Air       ###...       1%          2
c - Mephitic Cloud        Conj/Pois/Air  ###.....     9%          3
d - Ignite Poison         Fire/Tmut/Pois ###.....     8%          3
e - Olgreb's Toxic Radia  Pois           ####....     4%          4

Your spell library contained the following spells:

 Spells                   Type           Power        Failure   Level
 Infusion                 Chrm           #...         19%         1
 Shroud of Golubria       Chrm/Tloc      #.....       28%         2
 Song of Slaying          Chrm           #.......     28%         2
 Ozocubu's Armour         Chrm/Ice       #.......     50%         3
 Spectral Weapon          Hex/Chrm       #.......     50%         3


Dungeon Overview and Level Annotations

Branches:
Dungeon (8/15)             Temple (1/1) D:5
   Lair: D:8-11

Altars:
Ashenzari
Cheibriados
Dithmenos
Elyvilon
Fedhas
Gozag
Kikubaaqudgha
Makhleb
Nemelex Xobeh
Okawaru
Qazlal
Ru
Sif Muna
Trog
Uskayaw
Vehumet
Wu Jian
Xom
Yredelemnul
Zin

Shops:
D:4 (

Annotations:
D:6 3 runed translucent doors, Baz's ghost, novice NaEn


Innate Abilities, Weirdness & Mutations

You are very small and have problems with some larger weapons.
You are too small for most types of armour.
You have supernaturally acute eyesight. (SInv)
You cover ground extremely quickly.


Message History

You hit the adder.
You kill the adder!
Sif Muna accepts your kill.
No target in view!
No target in view!
You feel sick.
You feel sick.
You feel sick.
A centaur warrior is nearby!
You see here an adder corpse.
You feel sick.
Okay, then.
Unknown command.
The yaktaur captain shouts!
The yaktaur captain shoots a bolt.
The bolt hits you!!
You see here a bolt.
You feel sick.
The yaktaur captain shoots a bolt.
The bolt hits you!!!
Ouch! That really hurt!
You die...

#.# #### # ##.# ## .#.## ###
######.# . ####.##....###..##
..##...#
#.####...#..##........#
###....# #...Z###.##..#........
##....###....###..###..........
##......#..##...#.## ###......#
#.........## #...# #.†...##
...>...##..# ##@## #....##
..###...##.## ##..# ##†...# ..#
#.......###...# #.....# ..#
#.............#####.....#
..#................(...#.....#
...##...###....####..#####....#
..####.. #...## #c## #..... #..
#. #...# #.# .#### .. ....# #c#
.#


You could see a yaktaur captain.

Vanquished Creatures
  Pikel (D:7)
  Psyche (D:8)
  A hornet (D:7)
  Prince Ribbit (D:7)
  Sigmund (D:5)
  A wraith (D:7)
  An orc warrior (D:6)
  3 ice beasts
  A phantom (D:6)
  2 sky beasts
  An ogre (D:6)
  3 centaurs
  2 bullfrogs (D:6)
  6 killer bees (D:8)
  6 howler monkeys
  2 centaur zombies
  Crazy Yiuf (D:5)
  4 hounds
  3 jellies (D:5)
  2 orc priests
  A bullfrog skeleton (D:8)
  2 orc wizards (D:6)
  5 worker ants
  A hound skeleton (D:5)
  3 gnolls (D:6)
  A howler monkey skeleton (D:6)
  16 adders
  2 shadow imps
  2 white imps
  An adder skeleton (D:7)
  3 worms
  3 dart slugs
  3 leopard geckos
  23 orcs
  2 ball pythons
  5 giant cockroaches
  9 goblins
  9 hobgoblins
  12 jackals
  6 quokkas
  10 bats
  7 frilled lizards
  11 kobolds
  A quokka zombie (D:6)
  8 rats
189 creatures vanquished.

Notes
Turn   | Place    | Note
-------+----------+-------------------------------------------
     0 | D:1      | MrRokkomies the Spriggan Venom Mage began the quest for the
                  | Orb.
     0 | D:1      | Reached XP level 1. HP: 9/9 MP: 5/5
   256 | D:1      | Reached XP level 2. HP: 13/13 MP: 6/6
   857 | D:1      | Reached XP level 3. HP: 16/16 MP: 8/8
  1323 | D:2      | Found a white marble altar of Elyvilon.
  1337 | D:2      | Reached XP level 4. HP: 16/21 MP: 2/9
  1444 | D:2      | Found a sacrificial altar of Ru.
  1483 | D:2      | Learned a level 2 spell: Poisonous Vapours
  1493 | D:2      | Learned a level 3 spell: Mephitic Cloud
  2001 | D:2      | Reached XP level 5. HP: 24/24 MP: 10/10
  2289 | D:3      | Learned a level 3 spell: Ignite Poison
  3043 | D:3      | Found a radiant altar of Vehumet.
  3318 | D:4      | Reached XP level 6. HP: 28/28 MP: 11/11
  3473 | D:4      | Found Roodghiakh's Weapon Emporium.
  3738 | D:4      | Reached skill level 5 in Transmutations
  3799 | D:4      | Reached skill level 5 in Stealth
  4407 | D:5      | Entered Level 5 of the Dungeon
  4520 | D:5      | Reached skill level 5 in Dodging
  4598 | D:5      | Noticed Sigmund
  4639 | D:5      | Killed Sigmund
  4639 | D:5      | Reached skill level 5 in Poison Magic
  4639 | D:5      | Reached XP level 7. HP: 24/32 MP: 1/12
  4809 | D:5      | Found a staircase to the Ecumenical Temple.
  4898 | Temple   | Entered the Ecumenical Temple
  5026 | Temple   | Became a worshipper of Sif Muna the Loreminder
  5290 | D:5      | Found a runed translucent door.
  5291 | D:5      | Noticed Crazy Yiuf
  5553 | D:5      | Killed Crazy Yiuf
  5553 | D:5      | Reached skill level 1 in Air Magic
  5776 | D:6      | Found a runed translucent gate.
  5776 | D:6      | Found a runed translucent gate.
  5777 | D:6      | Found a runed translucent gate.
  5779 | D:6      | Noticed Baz's ghost (novice NaEn)
  6131 | D:6      | Reached XP level 8. HP: 36/36 MP: 8/13
  6275 | D:6      | Found a snail-covered altar of Cheibriados.
  6283 | D:6      | Reached * piety under Sif Muna
  7430 | D:7      | Noticed Pikel
  7442 | D:7      | Killed Pikel
  7442 | D:7      | Reached XP level 9. HP: 39/39 MP: 1/14
  7552 | D:7      | Reached skill level 5 in Air Magic
  7770 | D:7      | Noticed Prince Ribbit
  7794 | D:7      | Killed Prince Ribbit
  7794 | D:7      | Reached skill level 1 in Short Blades
  7968 | D:7      | Found an opulent altar of Gozag.
  8233 | D:8      | Noticed Psyche
  8236 | D:8      | Killed Psyche
  8258 | D:8      | Found a burning altar of Makhleb.
  8258 | D:8      | Noticed a centaur warrior
  8259 | D:8      | Noticed a yaktaur captain
  8353 | D:8      | Paralysed by a hornet for 2 turns
  8672 | D:8      | Reached ** piety under Sif Muna
  8802 | D:8      | Learned a level 4 spell: Olgreb's Toxic Radiance
  8813 | D:8      | Reached XP level 10. HP: 39/44 MP: 11/15
  8938 | D:8      | Shot with a bolt by a yaktaur captain

Illustrated notes

Levels and vault maps discovered:
D:1:      sevenhm_arrival_forest_fort_large_4, layout_basic
D:2:      layout_basic, chequers_temple_overflow_statue_of_worship
D:3:      layout_basic, nicolae_overflow_hidden_temple, minmay_misc_feat_tiny,
          hangedman_decor_clover_reticule
D:4:      layout_cave_pods, serial_shops, shop, minmay_misc_feat_four_crosses
D:5:      layout_cave_pools, minmay_temple_entry_poolview,
          uniq_crazy_yiuf_cottage, uniq_sigmund
D:6:      layout_gridville, kennysheep_slug_shrine, gammafunk_ghost_necromancy
D:7:      layout_cave_pools, grunt_gozag_statues, uniq_prince_ribbit1,
          uniq_pikel
D:8:      layout_layer_cave, jmf_multi_god_temple, uniq_psyche, uniq_joseph
Temple:   nicolae_temple_elliptical

Skill      XL: |  1  2  3  4  5  6  7  8  9 10 |
---------------+-------------------------------+-----
Transmutations | 2 3 4 6 |  6.0
Stealth        | 4 5 6 8 9 |  9.5
Dodging        | 4 5 6 7 9 |  9.0
Poison Magic   | 4 5 6 7 8 9 |  9.0
Air Magic      | 2 4 5 |  5.0
Short Blades   | 4 |  4.3
Fighting       | |  0.3
Spellcasting   | |  2.6
Invocations    | |  0.1

Action                   |  1- 3 |  4- 6 |  7- 9 | 10-12 || total
-------------------------+-------+-------+-------+-------++-------
Melee: Unarmed           |     7 |       |       |       ||     7
       Dagger            |    62 |   209 |   276 |    12 ||   559
Throw: Boomerang         |       |     4 |       |       ||     4
 Cast: Sting             |    29 |     8 |     8 |       ||    45
       Poisonous Vapours |       |    19 |    51 |       ||    70
       Mephitic Cloud    |       |       |     6 |       ||     6
       Ignite Poison     |       |       |     3 |       ||     3
       Olgreb's Toxic Ra |       |       |     1 |       ||     1
  Use: Scroll            |     2 |     5 |     6 |       ||    13
       Potion            |       |       |     1 |       ||     1
 Stab: Sleeping          |     4 |     8 |    11 |     1 ||    24
       Distracted        |       |     3 |     1 |       ||     4
       Confused          |       |       |     3 |       ||     3
Armor: Robe              |    11 |    24 |    29 |       ||    64
Dodge: Dodged            |    87 |   213 |   272 |    10 ||   582

Table legend:
 A = Non-vault XP
 B = Vault XP
 C = Vault XP percentage of total XP
 D = Non-vault monster count
 E = Vault monster count
 F = Vault count percentage of total count
                 A         B        C        D         E       F
            +---------+---------+-------+---------+---------+-------
      Total |    4070 |    1679 |  29.2 |     183 |       6 |   3.2
            +---------+---------+-------+---------+---------+-------
        D:1 |      47 |       0 |   0.0 |      28 |       0 |   0.0
        D:2 |     162 |       0 |   0.0 |      29 |       0 |   0.0
        D:3 |     143 |       0 |   0.0 |      23 |       0 |   0.0
        D:4 |     199 |       0 |   0.0 |      20 |       0 |   0.0
        D:5 |     224 |     265 |  54.2 |      18 |       2 |  10.0
        D:6 |    1285 |       4 |   0.3 |      36 |       1 |   2.7
        D:7 |    1169 |     971 |  45.4 |      12 |       2 |  14.3
        D:8 |     841 |     439 |  34.3 |      17 |       1 |   5.6
            +---------+---------+-------+---------+---------+-------
